 Dungeon Crawl Stone Soup version 0.24-a0-279-ga7546fe674 (webtiles) character file.

Game seed: 5643099688391397481

674 Flugkiller the Chopper (level 7, -4/56 HPs)
             Began as a Minotaur Chaos Knight on May 1, 2019.
             Was a Plaything of Xom.
             Splashed by Ijyb's acid (14 damage)
             ... on level 4 of the Dungeon.
             The game lasted 00:05:54 (4112 turns).

Flugkiller the Chopper (Minotaur Chaos Knight)      Turns: 4112, Time: 00:05:54

Health: -4/56      AC:  3    Str: 17 (18) XL:     7   Next: 33%
Magic:  6/6        EV:  7    Int:  7      God:    Xom [*.....]
Gold:   214        SH:  0    Dex: 10      Spells: 6/6 levels left

rFire    . . .     SeeInvis .   a - +1 hand axe (chaos)
rCold    . . .     Gourm    .   (no shield)
rNeg     . . .     Faith    .   e - +0 chain mail
rPois    .         Spirit   .   (helmet restricted)
rElec    .         Reflect  .   k - +0 cloak
rCorr    .         Harm     .   (no gloves)
MR       .....                  (no boots)
Stlth    ..........             (no amulet)
HPRegen  0.18/turn              (no ring)
MPRegen  0.10/turn              (no ring)

@: corroded
A: retaliatory headbutt, hooves 1, horns 2, blurry vision 3, deformed body,
deterioration 1, dopey 1, frail 1, mutation resistance 1
a: Renounce Religion


You were on level 4 of the Dungeon.
You worshipped Xom.
You were a special plaything of Xom.
You were not hungry.

You visited 1 branch of the dungeon, and saw 4 of its levels.

You collected 214 gold pieces.

Inventory:

Hand Weapons
 a - a +1 hand axe of chaos (weapon)
Armour
 b - a +2 leather armour
 e - a +0 chain mail (worn)
   (You took it off a hobgoblin on level 1 of the Dungeon)
 k - a +0 cloak (worn)
   (You found it on level 2 of the Dungeon)
 q - a scarf of repulsion
   (You found it on level 4 of the Dungeon)
Jewellery
 o - the ring of Xom's Approval {Wiz rF++ MR- Str-5 Dex+8}
   (You found it on level 4 of the Dungeon)

   [ring of wizardry]

   It improves your spell success rate.
   It affects your strength (-5).
   It affects your dexterity (+8).
   It greatly protects you from fire.
   It affects your resistance to hostile enchantments.
Scrolls
 f - a scroll of fear
 g - 3 scrolls of remove curse
 h - a scroll of enchant armour {unknown}
 i - a scroll of magic mapping
 n - 2 scrolls of teleportation
 r - 2 scrolls of enchant weapon
Potions
 d - 2 potions of invisibility
 j - a potion of mutation
 l - a potion of brilliance {unknown}
 m - 3 potions of flight
Comestibles
 c - 9 rations


   Skills:
 + Level 6.0 Fighting
 * Level 7.8 Axes
 + Level 5.2 Armour
 - Level 1.1 Dodging


You had 6 spell levels left.
You didn't know any spells.
Your spell library contained the following spells:

 Spells                   Type           Power        Failure   Level  Hunger
 Animate Skeleton         Necr           N/A          99%         1    ##.....
 Pain                     Necr           #...         99%         1    ##.....
 Sandblast                Erth           #.....       99%         1    ##.....
 Passwall                 Tmut/Erth      #.......     100%        2    ###....
 Regeneration             Chrm/Necr      #.........   100%        3    ####...
 Stone Arrow              Conj/Erth      #.....       100%        3    ####...
 Vampiric Draining        Necr           #.........   100%        3    ####...
 Animate Dead             Necr           N/A          100%        4    #####..
 Petrify                  Tmut/Erth      #.......     100%        4    #####..
 Lee's Rapid Deconstruct  Erth           #.........   100%        5    ######.


Dungeon Overview and Level Annotations

Branches:
Dungeon (4/15)
 Temple: D:4-7

Altars:
Trog
Wu Jian

Annotations:
D:4 Ijyb


Innate Abilities, Weirdness & Mutations

You reflexively headbutt those who attack you in melee.
You have a pair of horns on your head.
You have large cloven feet.
Scrolls take you much longer to read.
Armour fits poorly on your strangely shaped body.
Your body sometimes deteriorates upon taking damage.
You are dopey. (Int -2)
You are frail. (-10% HP)
You are somewhat resistant to further mutation.


Message History

You are caught in a strong localised spatial distortion.
Menkaure, Prince of Dust comes into view.
Menkaure shouts!
Menkaure is too close now for your liking.
Menkaure is nearby!
You start resting.
Menkaure is too close now for your liking.
Menkaure gestures wildly while chanting.
Menkaure seems to speed up.
Menkaure hits you!
You slash Menkaure! You burn Menkaure. You headbutt Menkaure.
Menkaure is severely damaged.
Menkaure closely misses you.
You hit Menkaure but do no damage. You kick Menkaure.
Menkaure is almost destroyed.
Menkaure hits you but does no damage.
You hit Menkaure.
You destroy Menkaure!
You feel your dexterity returning.
Your Fighting skill increases to level 6!
Ijyb the Twisted Goblin comes into view.
She is wearing a +2 ring mail of positive energy and carrying a wand of acid (9).
Ijyb shouts!
Ijyb screams, "Me stronger than you!"
You aren't carrying any items that you can evoke.
Unknown command.
You see here a falchion.
There is a stone staircase leading up, spattered with blood here.
You see here a +0 giant club.
You climb upwards.
There is a stone staircase leading down here.
There is an escape hatch in the floor here.
There is a stone staircase leading up here.
You see here 18 arrows.
HP restored.
You see here a +0 leather armour.
You see here a +0 chain mail.
There is a stone staircase leading down here.
You climb downwards.
Level annotation: Ijyb
There is a stone staircase leading up here.
Unknown command.
Unknown command.
Ijyb zaps a wand.
The bolt of acid hits you!
You are splashed with acid!
Unknown command.
Unknown command.
Ijyb zaps a wand.
The bolt of acid hits you!!
* * * LOW HITPOINT WARNING * * *
The acid corrodes you!
You are splashed with acid!
You die...
Xom howls with laughter!

#.###########..#####.#.#
###'#### #^.#.....#.#
#......# #..#.#####5#
#......# #..........#
#......# #.##.#######
#......# #.##.# ###.####
#.##.# #.#########.##.#
###..g..@.....##.#
#...############.#
#.#..g.....#####.#
#.#..#......5....#
#.#..#.###.#######
#.#..#.# #.#
#.####.###.#####
#......##......#
#..###.##......#


You could see Ijyb.

Vanquished Creatures
  Eustachio (D:4)
  Menkaure (D:4)
  An ogre (D:4)
  3 orc wizards (D:4)
  3 adders
  A river rat (D:2)
  A worm (D:2)
  A dart slug (D:4)
  3 leopard geckos
  13 orcs
  6 goblins
  4 hobgoblins
  10 jackals
  A quokka (D:4)
  7 bats
  4 frilled lizards
  8 kobolds
  24 rats
92 creatures vanquished.

Vanquished Creatures (collateral kills)
  Sigmund (D:3)
  An orc (D:3)
  2 goblins (D:3)
  A rat (D:4)
5 creatures vanquished.

Grand Total: 97 creatures vanquished

Notes
Turn   | Place    | Note
-------+----------+-------------------------------------------
     0 | D:1      | Flugkiller the Minotaur Chaos Knight began the quest for
                  | the Orb.
     0 | D:1      | Reached XP level 1. HP: 19/19 MP: 0/0
    72 | D:1      | XOM: butterfly on damage
   150 | D:1      | XOM: silly message
   358 | D:1      | Reached skill level 4 in Axes
   360 | D:1      | Reached XP level 2. HP: 26/27 MP: 1/1
   465 | D:1      | XOM: potion effect (brilliance)
   592 | D:1      | Reached XP level 3. HP: 33/33 MP: 2/2
  1078 | D:2      | XOM: harmless Chrm miscast
  1102 | D:2      | XOM: cloud trail
  1160 | D:2      | XOM: silly message
  1407 | D:2      | XOM: mild Hex miscast
  1615 | D:2      | XOM: divination: magic mapping
  1673 | D:3      | Found a faded altar of an unknown god.
  1709 | D:3      | Found a bloodstained altar of Trog.
  1756 | D:3      | Reached XP level 4. HP: 41/41 MP: 3/3
  1758 | D:3      | Reached skill level 5 in Axes
  1784 | D:3      | XOM: noise
  1803 | D:3      | XOM: give mutations
  1803 | D:3      | Gained mutation: Scrolls take you a little longer to read.
                  | [Xom's mischief]
  1803 | D:3      | Gained mutation: You are dopey. (Int -2) [Xom's mischief]
  1803 | D:3      | Gained mutation: Armour fits poorly on your strangely
                  | shaped body. [Xom's mischief]
  1807 | D:3      | XOM: confuse monster(s)
  1917 | D:3      | Noticed Sigmund
  1918 | D:3      | XOM: cast spell 'Discord'
  1943 | D:3      | XOM: blink monster(s)
  1952 | D:3      | HP: 1/41 [Sigmund/+0 scythe (7)]
  2029 | D:2      | XOM: give mutation
  2029 | D:2      | Gained mutation: You are somewhat resistant to further
                  | mutation. [Xom's mischief]
  2125 | D:2      | XOM: give mutations
  2125 | D:2      | Gained mutation: You have large cloven feet. [Xom's
                  | mischief]
  2125 | D:2      | Gained mutation: Scrolls take you longer to read. [Xom's
                  | mischief]
  2125 | D:2      | Gained mutation: You are frail. (-10% HP) [Xom's mischief]
  2300 | D:3      | Killed Sigmund
  2300 | D:3      | Reached skill level 6 in Axes
  2300 | D:3      | Reached XP level 5. HP: 42/42 MP: 4/4
  2576 | D:3      | XOM: god gift: 8 javelins of penetration
  2640 | D:4      | Noticed an ogre
  2902 | D:4      | XOM: cast spell 'Statue Form'
  2906 | D:4      | Killed an ogre
  2906 | D:4      | Reached skill level 5 in Fighting
  2906 | D:4      | Reached XP level 6. HP: 50/50 MP: 5/5
  3037 | D:4      | XOM: confuse monster(s)
  3193 | D:4      | Noticed Eustachio
  3199 | D:4      | XOM: stat loss: -1 Str (17/18)
  3224 | D:4      | XOM: confusion
  3236 | D:4      | XOM: mild Summ miscast
  3350 | D:3      | XOM: give mutations
  3350 | D:3      | Gained mutation: You occasionally shout uncontrollably at
                  | your foes. [Xom's mischief]
  3350 | D:3      | Lost mutation: You occasionally shout uncontrollably at
                  | your foes. [Xom's mischief]
  3350 | D:3      | Gained mutation: Your body sometimes deteriorates upon
                  | taking damage. [Xom's mischief]
  3350 | D:3      | Gained mutation: Scrolls take you much longer to read.
                  | [Xom's mischief]
  3523 | D:4      | XOM: enchant monster (bad)
  3534 | D:4      | Killed Eustachio
  3534 | D:4      | Reached skill level 7 in Axes
  3534 | D:4      | Reached XP level 7. HP: 37/55 MP: 6/6
  3547 | D:4      | Got a warped wooden ring
  3551 | D:4      | Identified the ring of Xom's Approval {Wiz rF++ MR- Str-5
                  | Dex+8} (You found it on level 4 of the Dungeon)
  3572 | D:4      | XOM: summons friendly white imp
  3578 | D:4      | Reached skill level 5 in Armour
  3827 | D:4      | Found an ornate altar of the Wu Jian Council.
  3889 | D:4      | XOM: medium Tloc miscast
  3892 | D:4      | Noticed Menkaure
  3937 | D:4      | Killed Menkaure
  3961 | D:4      | Noticed Ijyb
  4112 | D:4      | Splashed by Ijyb's acid

Levels and vault maps discovered:
D:1:      lordsloth_arrival_two_stooges, layout_rooms
D:2:      layout_loops_corners, minmay_bisected
D:3:      layout_rooms, lemuel_coloured_pillars_altar,
          chequers_ecumenical_altar_simple, minmay_misc_feat_iff,
          small_statue_intersection, uniq_sigmund
D:4:      layout_basic, kennysheep_mini, first_ration, minmay_rat_hole,
          uniq_ijyb, uniq_menkaure, uniq_eustachio

Skill      XL: |  1  2  3  4  5  6  7 |
---------------+----------------------+-----
Axes           | 4 6 7 |  7.8
Fighting       | 4 5 6 |  6.0
Armour         | 3 4 5 |  5.2
Dodging        | |  1.1

Action                   |  1- 3 |  4- 6 |  7- 9 || total
-------------------------+-------+-------+-------++-------
Melee: Hand axe          |    98 |   116 |    31 ||   245
       Headbutt          |    13 |    12 |     5 ||    30
       Kick              |       |    17 |     4 ||    21
  Use: Scroll            |     8 |     4 |     1 ||    13
       Potion            |       |     1 |       ||     1
 Stab: Confused          |       |     1 |       ||     1
       Paralysed         |       |     1 |       ||     1
  Eat: Chunk             |     3 |     4 |     3 ||    10
Armor: Leather armour    |     8 |       |       ||     8
       Chain mail        |    60 |    94 |    12 ||   166
Dodge: Dodged            |    46 |    49 |     8 ||   103

Table legend:
 A = Non-vault XP
 B = Vault XP
 C = Vault XP percentage of total XP
 D = Non-vault monster count
 E = Vault monster count
 F = Vault count percentage of total count
                 A         B        C        D         E       F
            +---------+---------+-------+---------+---------+-------
      Total |     413 |     551 |  57.2 |      72 |      25 |  25.8
            +---------+---------+-------+---------+---------+-------
        D:1 |      43 |       0 |   0.0 |      26 |       0 |   0.0
        D:2 |      30 |      17 |  36.2 |      10 |       3 |  23.1
        D:3 |      73 |     146 |  66.7 |      27 |       1 |   3.6
        D:4 |     267 |     388 |  59.2 |       9 |      21 |  70.0
            +---------+---------+-------+---------+---------+-------
